 Dungeon Crawl Stone Soup version 0.20.1-1-g8b1a95d (webtiles) character file.

10229 poxvuibr the Thaumaturge (level 11, -2/60 HPs)
             Began as a Deep Elf Wizard on Sept 20, 2017.
             Was a High Priest of Vehumet.
             Slain by a seven-headed hydra (10 damage)
             ... on level 10 of the Dungeon on Sept 22, 2017.
             The game lasted 01:47:09 (18335 turns).

poxvuibr the Thaumaturge (Deep Elf Wizard)         Turns: 18335, Time: 01:47:09

Health: -2/60      AC:  5    Str:  4    XL:     11   Next: 33%
Magic:  15/44      EV: 13    Int: 29    God:    Vehumet [*****.]
Gold:   535        SH:  0    Dex: 15    Spells: 25/35 levels left

rFire    . . .     SeeInvis .   L - staff of power
rCold    . . .     Gourm    .   (no shield)
rNeg     . . .     Faith    .   a - +0 robe
rPois    .         Spirit   .   b - +0 hat
rElec    .         Reflect  .   G - +1 cloak
rCorr    .         Harm     .   (no gloves)
MR       ++...                  k - +0 pair of boots
Stlth    +++.......             C - amulet of rage
Regen    0.2/turn               f - ring of protection from magic
MPRegen  0.3/turn               (no ring)

@: slowed, very slow
A: thin skeletal structure 1, clever 1
a: Renounce Religion, Evoke Berserk Rage


You were on level 10 of the Dungeon.
You worshipped Vehumet.
Vehumet was extremely pleased with you.
You were hungry.

You visited 1 branch of the dungeon, and saw 10 of its levels.
You also visited: Sewer.

You collected 535 gold pieces.

Inventory:

Hand Weapons
 e - a -3 dagger
 x - a -1 morningstar
 R - a +1 dagger of speed
 T - the +2 rapier of a Billion Mice {protect, rF+ rC+ Str+3 Stlth+}
   (You took it off an orc wizard on level 9 of the Dungeon)

   It protects the one who uses it against injury (+AC on strike).
   It affects your strength (+3).
   It protects you from fire.
   It protects you from cold.
   It makes you more stealthy.
Armour
 a - a +0 robe (worn)
 b - a +0 hat (worn)
 k - a +0 pair of boots (worn)
 t - a +0 cloak
 D - a +0 troll leather armour {Purgy}
 G - a +1 cloak (worn)
 S - a cursed +0 shield
Magical Staves
 J - an uncursed staff of wizardry
 L - an uncursed staff of power (weapon)
Jewellery
 f - a ring of protection from magic (left hand)
 j - an uncursed amulet of inaccuracy
 v - a +3 ring of evasion {unknown}
 z - an uncursed amulet of harm
 C - an amulet of rage (around neck)
 M - the ring "Vionaym" {*Tele rN++ Dex-4 SInv Stlth+, unknown}
   (You took it off a crimson imp on level 7 of the Dungeon)

   [ring of teleportation]

   It may teleport you next to monsters.
   It affects your dexterity (-4).
   It greatly protects you from negative energy.
   It lets you see invisible.
   It makes you more stealthy.
Wands
 q - a wand of acid (0/15)
 u - a wand of disintegration (0/24)
 H - a wand of random effects (26/48)
 I - a wand of flame (20/48)
Scrolls
 d - 2 scrolls of enchant armour
 g - 2 scrolls of noise
 i - a scroll of fear
 l - 3 scrolls of identify
 n - 2 scrolls of immolation
 o - 5 scrolls of remove curse
 s - 3 scrolls of recharging
 y - a scroll of amnesia
 N - 2 scrolls of enchant weapon
 O - a scroll of magic mapping
 P - a scroll of summoning
Potions
 h - a potion of agility
 w - 2 potions of lignification
 A - a potion of ambrosia
 B - 2 potions of curing
 E - a potion of berserk rage
 K - 2 potions of flight
Books
 c - a book of Minor Magic

   Spells                             Type                      Level
   a - Magic Dart                     Conjuration                  1
   b - Blink                          Translocation                2
   c - Call Imp                       Summoning                    2
   d - Slow                           Hexes                        2
   e - Conjure Flame                  Conjuration/Fire             3
   f - Mephitic Cloud                 Conjuration/Poison/Air       3
 p - Vehumet's Compendium of Attacks
   (You found it on level 3 of the Dungeon)

   Spells                             Type                      Level
   a - Magic Dart                     Conjuration                  1
 F - a book of Callings

   Spells                             Type                      Level
   a - Summon Small Mammal            Summoning                    1
   b - Call Imp                       Summoning                    2
   c - Call Canine Familiar           Summoning                    3
   d - Summon Guardian Golem          Hexes/Summoning              3
   e - Summon Lightning Spire         Summoning/Air                4
   f - Summon Ice Beast               Ice/Summoning                4
Comestibles
 m - 9 meat rations
 r - 10 bread rations
 Q - 2 fruits


   Skills:
 + Level 3.1 Fighting
 - Level 2.4 Dodging
 - Level 2.4 Stealth
 + Level 12.7 Spellcasting
 + Level 10.1 Conjurations
 - Level 2.1 Summonings
 - Level 1.1 Translocations
 + Level 11.2 Fire Magic
 - Level 4.2 Air Magic


You had 25 spell levels left.
You knew the following spells:

 Your Spells              Type           Power        Failure   Level  Hunger
a - Conjure Flame         Conj/Fire      ######..     1%          3    None
b - Mephitic Cloud        Conj/Pois/Air  #####...     1%          3    None
c - Summon Small Mammal   Summ           ####         1%          1    None
d - Blink                 Tloc           N/A          2%          2    None
z - Magic Dart            Conj           ####         1%          1    None


Dungeon Overview and Level Annotations

Branches:
Dungeon (10/15)            Temple (0/1) D:6
   Lair: D:8-11         Orc: D:9-12

Altars:
Ashenzari
Fedhas
Gozag
Kikubaaqudgha
Makhleb
Nemelex Xobeh
Okawaru
Qazlal
Ru
Sif Muna
Trog
Uskayaw
Vehumet
Xom
Zin

Annotations:
D:9 BGT's ghost, journeyman FoFi
D:10 exclusion: oklob plant


Innate Abilities, Weirdness & Mutations

You have a somewhat thin skeletal structure. (Dex +2, Stealth)
Your mind is acute. (Int +2)


Message History

Confirm with . or Enter, or press ? or * to list all spells.
The wraith barely misses you. The wraith hits you!
* * * LOW HITPOINT WARNING * * *
Casting: Summon Small Mammal
Confirm with . or Enter, or press ? or * to list all spells.
Your quokka closely misses the wraith.
The wraith hits you.
* * * LOW HITPOINT WARNING * * *
The wraith drains your vigour!
You feel as though you will be slow longer.
You feel better.
Your quokka closely misses the wraith.
The wraith hits you!
* * * LOW HITPOINT WARNING * * *
The wraith drains your vigour!
You feel as though you will be slow longer.
Your quokka bites the seven-headed hydra.
Your quokka bites the wraith but does no damage.
The seven-headed hydra closely misses you.
The seven-headed hydra bites you.
* * * LOW HITPOINT WARNING * * *
The seven-headed hydra bites you!
You die...

.##.###.##.#........## ######
..#..###)#.#.......#.###..#.##
###[..'.#.##.................###.
..#..###.#.#.....................
.##.###.##.#.....>...............
..####.###'#.....................
.####.##8..#.....................
..##.####.##....W................
..'.## #.##...r@................
..### #.##....D................
.## #.##.....r............... ##
#.##..................... #
#.##.....................
############..........####
.........)...........#..
.......................#
......................##


You could see a seven-headed hydra, a wraith and 2 friendly quokkas.

Vanquished Creatures
  Harold (D:10)
  2 two-headed ogres
  An unseen horror (D:7)
  A centaur zombie (D:10)
  2 trolls
  A slime creature (D:7)
  2 hippogriffs
  A yak (D:10)
  A wyvern (D:7)
  Grum (D:10)
  A steam dragon (D:9)
  A water moccasin (D:9)
  2 sky beasts
  5 orc warriors
  2 ice beasts (D:7)
  Purgy (Sewer)
  3 black bears
  5 phantoms
  4 ogres
  3 wolves (D:10)
  2 centaurs (D:10)
  2 big kobolds
  11 bullfrogs
  A gnoll sergeant (D:10)
  A wyvern skeleton (D:7)
  A water moccasin skeleton (D:7)
  15 killer bees
  5 scorpions
  The ghost of PointBlank the Shield-Bearer, a weakling DDFi (D:3)
  A howler monkey (D:9)
  2 bullfrog zombies
  5 crimson imps
  A quasit (D:9)
  4 jellies
  4 orc priests
  7 hounds
  9 orc wizards
  A bullfrog skeleton (D:5)
  A centaur skeleton (D:9)
  3 iguanas
  9 worker ants
  4 hound skeletons
  2 worker ant zombies
  7 gnolls
  4 howler monkey skeletons
  10 adders
  3 worms
  7 leopard geckos
  36 orcs
  18 bats
  8 giant cockroaches
  3 goblins
  10 hobgoblins
  A jackal (D:1)
  6 quokkas
  6 frilled lizards
  11 kobolds
  A leopard gecko skeleton (D:5)
  A leopard gecko zombie (D:7)
  A quokka skeleton (D:5)
  2 quokka zombies
  10 rats
  A butterfly (D:6)
278 creatures vanquished.

Vanquished Creatures (others)
  A hound (D:6)
1 creature vanquished.

Grand Total: 279 creatures vanquished

Notes
Turn   | Place    | Note
-------+----------+-------------------------------------------
     0 | D:1      | poxvuibr the Deep Elf Wizard began the quest for the Orb.
     0 | D:1      | Reached XP level 1. HP: 10/10 MP: 7/7
   177 | D:1      | Reached XP level 2. HP: 15/15 MP: 1/9
   663 | D:1      | Reached skill level 5 in Spellcasting
  1117 | D:2      | Reached XP level 3. HP: 18/19 MP: 4/11
  1122 | D:2      | Learned a level 3 spell: Conjure Flame
  1210 | D:2      | Found a bloodstained altar of Trog.
  1758 | D:2      | Reached skill level 1 in Fire Magic
  2323 | D:3      | Found a radiant altar of Vehumet.
  2327 | D:3      | Identified Vehumet's Compendium of Attacks
  2330 | D:3      | Became a worshipper of Vehumet
  2335 | D:3      | Found an ancient bone altar of Kikubaaqudgha.
  2507 | D:2      | Reached XP level 4. HP: 23/24 MP: 10/13
  2568 | D:3      | Noticed PointBlank's ghost (weakling DDFi)
  3107 | D:3      | Reached XP level 5. HP: 28/28 MP: 12/15
  3201 | D:3      | Found a faded altar of an unknown god.
  3458 | D:3      | Found a blossoming altar of Fedhas.
  3461 | D:3      | Found a shimmering altar of Xom.
  3461 | D:3      | Found a glowing silver altar of Zin.
  3463 | D:3      | Found an opulent altar of Gozag.
  3463 | D:3      | Found an iron altar of Okawaru.
  3589 | D:3      | Found a deep blue altar of Sif Muna.
  4212 | D:4      | Noticed an ogre
  4226 | D:4      | Killed an ogre
  4226 | D:4      | Reached skill level 6 in Spellcasting
  4226 | D:4      | Reached XP level 6. HP: 32/32 MP: 4/17
  5639 | D:4      | Found a hide-covered altar of Uskayaw.
  5676 | D:5      | Entered Level 5 of the Dungeon
  5722 | D:5      | Reached skill level 5 in Fire Magic
  5722 | D:5      | Reached XP level 7. HP: 29/36 MP: 5/18
  6067 | D:5      | Reached * piety under Vehumet
  6067 | D:5      | Offered knowledge of Sandblast by Vehumet.
  6119 | D:5      | Gained mutation: Your mind is acute. (Int +2) [potion of mutation]
  6119 | D:5      | Gained mutation: You have a somewhat thin skeletal structure. (Dex +2, Stealth) [potion of mutation]
  6854 | D:5      | Reached skill level 7 in Spellcasting
  7126 | D:6      | Found a sparkling altar of Nemelex Xobeh.
  7144 | D:6      | Reached skill level 5 in Conjurations
  7266 | D:6      | Found a glowing drain.
  7312 | Sewer    | Entered a sewer
  7393 | Sewer    | Noticed Purgy
  7403 | Sewer    | Killed Purgy
  7592 | D:6      | Reached XP level 8. HP: 26/41 MP: 10/21
  7796 | D:6      | Found a stormy altar of Qazlal.
  7947 | D:6      | Found a staircase to the Ecumenical Temple.
  8158 | D:6      | Reached skill level 8 in Spellcasting
  9011 | D:7      | Reached skill level 9 in Spellcasting
  9103 | D:7      | Reached ** piety under Vehumet
  9103 | D:7      | Offered knowledge of Freeze by Vehumet.
  9537 | D:6      | Learned a level 3 spell: Mephitic Cloud
  9539 | D:6      | Learned a level 1 spell: Summon Small Mammal
  9763 | D:7      | Reached XP level 9. HP: 44/45 MP: 9/24
  9964 | D:7      | Found a runed door.
 10107 | D:7      | Noticed a troll
 10121 | D:7      | Killed a troll
 10121 | D:7      | Reached skill level 1 in Air Magic
 10423 | D:7      | Killed an unseen horror
 10423 | D:7      | Reached skill level 10 in Spellcasting
 10599 | D:7      | Got an ancient bone ring
 11761 | D:3      | Found a faded altar of an unknown god.
 11825 | D:3      | Found a radiant altar of Vehumet.
 11830 | D:3      | Found an ancient bone altar of Kikubaaqudgha.
 11832 | D:3      | Found a deep blue altar of Sif Muna.
 12062 | D:3      | Killed PointBlank's ghost
 12302 | D:3      | Offered knowledge of Throw Frost by Vehumet.
 12722 | D:7      | Reached XP level 10. HP: 50/50 MP: 26/26
 12965 | D:8      | Noticed a two-headed ogre
 12973 | D:8      | Killed a two-headed ogre
 12973 | D:8      | Reached skill level 11 in Spellcasting
 12992 | D:8      | Reached *** piety under Vehumet
 13959 | D:8      | Learned a level 2 spell: Blink
 14008 | D:9      | Reached skill level 10 in Fire Magic
 14119 | D:8      | Offered knowledge of Ignite Poison by Vehumet.
 14770 | D:9      | Noticed BGT's ghost (journeyman FoFi)
 15209 | D:9      | Noticed a two-headed ogre
 15235 | D:9      | Killed a two-headed ogre
 15235 | D:9      | Reached skill level 1 in Fighting
 15246 | D:9      | Reached **** piety under Vehumet
 15260 | D:9      | Reached skill level 12 in Spellcasting
 15495 | D:9      | Found a burning altar of Makhleb.
 15498 | D:9      | Found a sacrificial altar of Ru.
 15501 | D:9      | Found a shattered altar of Ashenzari.
 15607 | D:9      | Offered knowledge of Static Discharge by Vehumet.
 16007 | D:9      | Got a crude rapier {protect}
 16008 | D:9      | Identified the +2 rapier of a Billion Mice {protect, rF+ rC+ Str+3 Stlth+} (You took it off an orc wizard on level 9 of the Dungeon)
 16140 | D:10     | Entered Level 10 of the Dungeon
 16289 | D:10     | Noticed Grum
 16292 | D:10     | Noticed Harold
 16558 | D:10     | Reached XP level 11. HP: 57/57 MP: 2/29
 16741 | D:10     | Killed Grum
 16971 | D:10     | Killed Harold
 17156 | D:10     | Noticed a seven-headed hydra
 17365 | D:10     | Reached skill level 10 in Conjurations
 17480 | D:9      | Reached ***** piety under Vehumet
 17620 | D:9      | Offered knowledge of Spellforged Servitor by Vehumet.
 18274 | D:10     | Noticed an oklob plant
 18335 | D:10     | Slain by a seven-headed hydra

Skill      XL: |  1  2  3  4  5  6  7  8  9 10 11 |
---------------+----------------------------------+-----
Conjurations   | 2 3 4 5 7 8 9 10 | 10.1
Spellcasting   | 5 6 7 9 10 12 | 12.7
Fire Magic     | 1 2 4 5 6 8 9 10 11 | 11.2
Summonings     | 2 |  2.1
Air Magic      | 4 |  4.2
Fighting       | 2 3 |  3.1
Dodging        | |  2.4
Stealth        | |  2.4
Translocations | |  1.1

Action                   |  1- 3 |  4- 6 |  7- 9 | 10-12 || total
-------------------------+-------+-------+-------+-------++-------
 Cast: Magic Dart        |   111 |   144 |   421 |   511 ||  1187
       Conjure Flame     |     1 |    10 |    63 |    88 ||   162
       Mephitic Cloud    |       |       |     2 |    49 ||    51
       Blink             |       |       |       |    17 ||    17
       Summon Small Mamm |       |       |       |     5 ||     5
Evoke: Wand              |       |       |     2 |    11 ||    13
  Use: Potion            |     4 |     1 |     4 |     2 ||    11
       Scroll            |       |       |     9 |    13 ||    22
  Eat: Chunk             |     4 |     3 |    12 |     2 ||    21
       Bread ration      |       |     2 |       |     1 ||     3
       Fruit             |       |       |     4 |       ||     4
       Royal jelly       |       |       |     2 |       ||     2
       Meat ration       |       |       |       |     2 ||     2
Armor: Robe              |     6 |     1 |     8 |     8 ||    23
       Troll leather arm |       |       |     7 |       ||     7
Dodge: Dodged            |    21 |    10 |    30 |    58 ||   119
